 Dungeon Crawl Stone Soup version 0.18.1-48-g4cf74bf (webtiles) character file.

5 dorian the Charmwright (level 1, -2/14 HPs)
             Began as a High Elf Skald on Aug 30, 2016.
             Slain by a kobold (4 damage)
             ... on level 1 of the Dungeon.
             The game lasted 00:00:45 (508 turns).

dorian the Charmwright (High Elf Skald)              Turns: 508, Time: 00:00:46

Health: -2/14      AC:  3    Str: 11    XL:     1   Next: 66%
Magic:  4/4        EV: 11    Int: 15    God:
Gold:   7          SH:  0    Dex: 16    Spells: 1 memorised, 3 levels left

rFire  . . .     SeeInvis .     a - +0 falchion
rCold  + . .     Gourm    .     b - +0 leather armour
rNeg   . . .     Faith    .     (no shield)
rPois  .         Spirit   .     (no helmet)
rElec  .         Dismiss  .     (no cloak)
rCorr  .         Reflect  .     (no gloves)
SustAt .         Harm     .     (no boots)
MR     .....                    (no amulet)
Stlth  +.........               m - ring of protection from cold
                                k - +2 ring of dexterity

@: not resistant to hostile enchantments, very unstealthy
A: no striking features
a: no special abilities


You were on level 1 of the Dungeon.
You were not hungry.

You visited 1 branch of the dungeon, and saw 1 of its levels.

You collected 7 gold pieces.

Inventory:

Hand Weapons
 a - a +0 falchion (weapon)
Armour
 b - a +0 leather armour (worn)
Jewellery
 k - a +2 ring of dexterity (left hand)
   (You found it on level 1 of the Dungeon)
 m - a ring of protection from cold (right hand)
   (You found it on level 1 of the Dungeon)
Scrolls
 c - a scroll of magic mapping {unknown}
 e - a scroll of recharging {unknown}
 f - a scroll of random uselessness {unknown}
Potions
 g - a potion of cancellation {unknown}
 h - a potion of invisibility {unknown}
 i - a potion of lignification {unknown}
 j - a potion of curing {unknown}
Books
 A - a book of Battle

   Spells                             Type                      Level
   a - Infusion                       Charms                       1
   b - Shroud of Golubria             Charms/Translocation         2
   c - Song of Slaying                Charms                       2
   d - Spectral Weapon                Hexes/Charms                 3
   e - Regeneration                   Charms/Necromancy            3
Comestibles
 d - a bread ration
 l - a meat ration
 Z - a chunk of flesh


   Skills:
 - Level 2.0 Fighting
 * Level 2.9 Long Blades
 - Level 0.8 Armour
 + Level 1.3 Dodging
 - Level 2.4 Spellcasting
 + Level 3.6 Charms


You had 3 spell levels left.
You knew the following spells:

 Your Spells              Type           Power        Failure   Level  Hunger
a - Infusion              Chrm           ##..         10%         1    #......


Dungeon Overview and Level Annotations

Branches:
Dungeon (1/15)

Altars:


Message History

A goblin comes into view. It is wielding a club.
The goblin shouts!
You barely miss the goblin. The goblin hits you with a club.
You hit the goblin.
The goblin is severely wounded.
The goblin hits you but does no damage.
You hit the goblin but do no damage.
The goblin is severely wounded.
The goblin hits you but does no damage.
You barely miss the goblin.
The goblin is severely wounded.
The goblin hits you with a club.
You barely miss the goblin.
The goblin is severely wounded.
The goblin closely misses you. The goblin hits you with a club.
You barely miss the goblin.
The goblin is severely wounded.
The goblin barely misses you.
You closely miss the goblin.
The goblin is severely wounded.
The goblin hits you but does no damage.
You hit the goblin.
You kill the goblin!
No target in view!
m - a ruby ring Put on which piece of jewellery? (? for menu, Esc to quit)
m - a ring of protection from cold (right hand) Some of the chunks of flesh in your inventory have rotted away.
A kobold comes into view.
The kobold shouts!
The kobold throws a stone.
The stone closely misses you.
The kobold throws a stone.
The stone closely misses you.
You see here a stone.
The kobold throws a stone.
The stone hits you.
* * * LOW HITPOINT WARNING * * *
You see here a stone.
The kobold hits you.
* * * LOW HITPOINT WARNING * * *
You are too injured to fight recklessly!
You are too injured to fight recklessly!
You are too injured to fight recklessly!
You are too injured to fight recklessly!
You are too injured to fight recklessly!
You hit the kobold but do no damage. The kobold hits you.
* * * LOW HITPOINT WARNING * * *
You barely miss the kobold. The kobold closely misses you.
You barely miss the kobold. The kobold hits you but does no damage.
The kobold closely misses you.
You barely miss the kobold. The kobold hits you.
You die...

#.#........##.#
#.#...........#
#.#.....#..#..#
####.#..####.###.#
#.####....#..# #.# #.#
.....>.#.....# #.###.#
.####...##.#####.....#
#.#####(###.##.....##.#####.
#........((.@K...(..........#
#######)###..#>###.##.#####.#
#.###.....##)##.# #..
..#.........#
#####.....##....# #####
##...###..#.#
#...######.#####....#
#.............##....#
#..'########')##..#.#


You could see a kobold.

Vanquished Creatures
  A bat (D:1)
  A goblin (D:1)
  A hobgoblin (D:1)
  A kobold (D:1)
  A rat (D:1)
5 creatures vanquished.

Notes
Turn   | Place    | Note
--------------------------------------------------------------
     0 | D:1      | dorian the High Elf Skald began the quest for the Orb.
     0 | D:1      | Reached XP level 1. HP: 14/14 MP: 4/4
   289 | D:1      | HP: 6/14 [rat (3)]
   502 | D:1      | HP: 6/14 [kobold/stone (3)]
   505 | D:1      | HP: 2/14 [kobold (2)]
   508 | D:1      | Slain by a kobold

Action                   || total
-------------------------++-------
Melee: Falchion          ||    30
Armor: Leather armour    ||     7
Dodge: Dodged            ||    27
